 Dungeon Crawl Stone Soup version 0.28.0-53-g5a82cb258f (webtiles) character file.

Game seed: 9726774768038041005

15225 jjjjhere the Severer (level 11, -14/145 (148) HPs)
             Began as a Minotaur Brigand on Sept 30, 2022.
             Was an Elder of Lugonu.
             Demolished by a minotaur
             ... wielding a +2 dagger of protection
              (18 damage)
             ... in a Gauntlet.
             The game lasted 00:17:38 (13107 turns).

jjjjhere the Severer (Minotaur Brigand)            Turns: 13107, Time: 00:17:39

HP:   -14/145 (148) AC: 15    Str: 27    XL:     11   Next: 99%
MP:   16/16         EV:  9    Int:  8    God:    Lugonu [****..]
Gold: 142           SH:  9    Dex: 12    Spells: 10/10 levels left

rFire   + . .      SeeInvis .   P - +10 mace of the Establishment {vorpal, rC- rN++ rCorr Str+4}
rCold   . . .      Faith    .   m - +0 kite shield
rNeg    + + .      Spirit   .   c - quicksilver dragon scales
rPois   .          Reflect  .   (helmet restricted)
rElec   .          Harm     .   w - scarf {repulsion}
rCorr   +          Rampage  .   q - +1 pair of gloves
Will    +....      NoTele   +   J - +1 pair of boots of Defence {Str+3}
Stlth   ..........              (no amulet)
HPRegen 0.34/turn               A - ring of protection from cold
MPRegen 0.15/turn               v - ring of protection from fire

@: berserking (expiring), lightly drained, repel missiles, very quick
A: horns 2, retaliatory headbutt
a: Renounce Religion, Depart the Abyss, Bend Space, Banish, Corrupt


You were in a Gauntlet.
You worshipped Lugonu.
Lugonu was greatly pleased with you.
You visited 2 branches of the dungeon, and saw 9 of its levels.
You also visited: Sewer and Gauntlet.

You collected 417 gold pieces.
You spent 275 gold pieces at shops.

Inventory:

Hand Weapons
 a - a +2 dagger
 l - a +1 dagger of draining
 y - a +2 vampiric hand axe
 N - a +0 whip of electrocution
 P - the +10 mace of the Establishment (weapon) {vorpal, rC- rN++ rCorr Str+4}
   (You found it in a Gauntlet)

   It inflicts extra damage upon your enemies.
   Str:       It affects your strength (+4).
   rC:        It makes you vulnerable to cold.
   rN:        It greatly protects you from negative energy.
   rCorr:     It protects you from acid and corrosion.
 R - a +1 demon trident of electrocution
Missiles
 b - 6 boomerangs
 d - 28 poisoned darts
 e - 6 curare-tipped darts
 u - 2 atropa-tipped darts (quivered)
 O - a throwing net
Armour
 c - quicksilver dragon scales (worn)
 m - a +0 kite shield (worn)
 q - a +1 pair of gloves (worn)
 w - a scarf of repulsion (worn)
 z - a +0 plate armour
 J - the +1 pair of boots of Defence (worn) {Str+3}
   (You bought it in a shop on level 1 of the Dungeon)

   Str:       It affects your strength (+3).
Jewellery
 v - a ring of protection from fire (right hand)
 A - a ring of protection from cold (left hand)
 Q - the amulet of the Air {Inacc Air Fly rElec RMsl}
   (You found it in a Gauntlet)

   [amulet of nothing]

   It reduces the accuracy of all your attacks.
   It enhances your air magic.
   rElec:     It insulates you from electricity.
   Fly:       It grants you flight.
   RMsl:      It protects you from missiles.
Wands
 t - a wand of acid (4)
 I - a wand of iceblast (3)
Scrolls
 h - 2 scrolls of enchant armour
 i - a scroll of fog
 o - a scroll of blinking {unknown}
 C - 2 scrolls of fear
 K - 2 scrolls of amnesia {unknown}
 L - a scroll of identify
Potions
 f - 8 potions of curing
 g - 4 potions of attraction
 j - a potion of magic
 k - 4 potions of flight
 n - 3 potions of degeneration
 p - 7 potions of heal wounds
 r - 6 potions of cancellation
 s - a potion of ambrosia {unknown}
 B - a potion of resistance
 D - 3 potions of invisibility
 E - a potion of might {unknown}
 F - 2 potions of haste
 G - 2 potions of mutation
 H - a potion of experience {unknown}
 M - 2 potions of lignification {unknown}


   Skills:
 + Level 9.7 Fighting
 - Level 2.1 Short Blades
 - Level 16.3 Axes
 - Level 2.0 Throwing
 + Level 5.6 Armour
 - Level 1.1 Dodging
 - Level 3.2 Stealth
 + Level 5.6 Shields
 - Level 8.9 Invocations


You had 10 spell levels left.
You didn't know any spells.
Your spell library contained the following spells:

 Spells                   Type           Power      Damage    Failure   Level
 Shock                    Conj/Air       0%         1d3       86%         1
 Call Canine Familiar     Summ           0%         N/A       99%         3
 Portal Projectile        Hex/Tloc       0%         N/A       99%         3
 Swiftness                Air            0%         N/A       99%         3
 Airstrike                Air            0%         N/A       100%        4
 Leda's Liquefaction      Hex/Erth       0%         N/A       100%        4


Dungeon Overview and Level Annotations

Branches:
Dungeon (8/15)             Temple (0/1) D:5            Lair (1/6) D:8
  Sewer (visited)         Gauntlet (1/1)

Altars:
Dithmenos
Elyvilon
Makhleb
Okawaru
Wu Jian
Zin
Beogh
Lugonu

Shops:
D:1 [([   D:2 [   D:7 ?*

Annotations:
Gauntlet 6 transporters, 2 runed translucent doors


Innate Abilities, Weirdness & Mutations

You have a pair of horns on your head.
You reflexively headbutt those who attack you in melee.


Message History

You bludgeon the minotaur!!
You headbutt the minotaur, but do no damage.
The minotaur is heavily wounded.
You completely miss the minotaur.
The minotaur is heavily wounded.
The minotaur hits you with a +2 dagger of protection!
The minotaur gores you!
You hit the minotaur but do no damage.
The minotaur is heavily wounded.
The minotaur hits you but does no damage.
The minotaur gores you but does no damage.
You sock the minotaur!
The minotaur is severely wounded.
The minotaur hits you with a +2 dagger of protection!!
The minotaur gores you!
You closely miss the minotaur.
The minotaur furiously retaliates!
The minotaur headbutts you, but does no damage.
The minotaur is severely wounded.
You hit the minotaur but do no damage.
The minotaur is severely wounded.
The minotaur hits you with a +2 dagger of protection!
The minotaur gores you!
* * * LOW HITPOINT WARNING * * *
You hit the minotaur.
The minotaur is severely wounded.
The minotaur hits you with a +2 dagger of protection!!
* * * LOW HITPOINT WARNING * * *
The minotaur gores you but does no damage.
You closely miss the minotaur.
The minotaur is severely wounded.
You sock the minotaur!
The minotaur is almost dead.
The minotaur hits you but does no damage.
The minotaur gores you!
* * * LOW HITPOINT WARNING * * *
You closely miss the minotaur.
You headbutt the minotaur, but do no damage.
The minotaur is almost dead.
The minotaur hits you with a +2 dagger of protection!!
You die...

#................
#.8.8.8.©.©.8.8.8
#................
#####.###.###.##
###.###.###.##
#.............#
#.###.###.###.#
#.............#
#######@#######
#H# ∩.. ...⌠+
+⌠...# #..⌠.#
###+##


You could see a minotaur.

Vanquished Creatures
  A centaur warrior (D:7)
  A spectral hydra (Gauntlet)
  Pikel (D:8)
  A deep elf pyromancer (D:8)
  A torpor snail (Gauntlet)
  An unseen horror (D:7)
  A komodo dragon (D:7)
  A troll (D:7)
  2 slime creatures (D:7)
  4 flying skulls (Gauntlet)
  A vampire (D:7)
  2 wyverns (D:7)
  2 basilisks
  12 yaks
  A vampire mosquito (D:7)
  2 steam dragons
  3 water moccasins
  A sky beast (D:7)
  6 ice beasts
  4 black bears
  6 orc warriors
  A hornet zombie (D:7)
  2 necrophages
  5 ogres
  6 wolves (Gauntlet)
  A centaur (D:7)
  A phantom (D:7)
  A lemure (D:8)
  3 bullfrogs
  3 kobold brigands
  A wyvern zombie (D:6)
  4 gnoll sergeants (D:7)
  2 scorpions (D:7)
  A wyvern skeleton (D:7)
  3 water moccasin skeletons
  5 wights (D:8)
  2 electric eels (D:7)
  2 howler monkeys (D:6)
  A centaur zombie (D:5)
  2 bullfrog zombies
  A jelly (D:5)
  5 orc priests
  A centaur skeleton (D:7)
  Jessica (D:2)
  Ijyb (D:3)
  4 iguanas
  An orc wizard (D:3)
  2 killer bee zombies
  8 gnolls
  4 adders
  3 white imps
  2 dart slugs
  6 orcs
  2 endoplasms
  8 giant cockroaches
  7 goblins
  7 hobgoblins
  13 kobolds
  A quokka (D:1)
  8 ball pythons
  5 bats
  11 frilled lizards
  10 rats
211 creatures vanquished.

Vanquished Creatures (others)
  15 plants
  5 withered plants (Gauntlet)
20 creatures vanquished.

Grand Total: 231 creatures vanquished

Notes
Turn   | Place    | Note
-------+----------+-------------------------------------------
     0 | D:1      | jjjjhere the Minotaur Brigand began the quest for the Orb.
     0 | D:1      | Reached XP level 1. HP: 18/18 MP: 0/0
    23 | D:1      | Found Ysebaoth's Antique Armour Boutique.
    55 | D:1      | Found Voaxt's Antique Armour Boutique.
    64 | D:1      | Found Haxupi's Weapon Shop.
   141 | D:1      | Reached XP level 2. HP: 15/26 MP: 1/1
   561 | D:1      | Found a faded altar of an unknown god.
   625 | D:1      | Prayed at the altar of an unknown god.
   625 | D:1      | Became a worshipper of Lugonu the Unformed
   625 | D:1      | Reached * piety under Lugonu
   625 | D:1      | Reached ** piety under Lugonu
  1517 | D:3      | Reached XP level 3. HP: 34/34 MP: 2/2
  1730 | D:3      | Reached skill level 5 in Fighting
  1730 | D:3      | Reached XP level 4. HP: 32/42 MP: 3/3
  1920 | D:3      | Noticed Ijyb
  1923 | D:3      | Killed Ijyb
  2109 | D:3      | Reached XP level 5. HP: 51/51 MP: 4/4
  2296 | D:3      | Noticed Jessica
  2604 | D:2      | Killed Jessica
  3238 | D:4      | Reached XP level 6. HP: 61/61 MP: 5/5
  3412 | D:4      | Reached skill level 2 in Axes
  3530 | D:4      | Reached *** piety under Lugonu
  3536 | D:4      | Reached skill level 3 in Axes
  4115 | D:5      | Entered Level 5 of the Dungeon
  4390 | D:5      | Reached skill level 4 in Axes
  4463 | D:5      | Found a glowing drain.
  4475 | Sewer    | Entered a sewer
  4638 | Sewer    | Reached skill level 5 in Axes
  4638 | Sewer    | Reached XP level 7. HP: 66/67 MP: 6/6
  4986 | D:5      | Reached skill level 6 in Axes
  4987 | D:5      | Found a staircase to the Ecumenical Temple.
  5083 | D:5      | Reached skill level 7 in Axes
  5204 | D:5      | Reached skill level 1 in Invocations
  5452 | D:6      | Reached skill level 8 in Axes
  5452 | D:6      | Reached XP level 8. HP: 67/74 MP: 6/8
  5570 | D:6      | Reached **** piety under Lugonu
  5571 | D:6      | Reached skill level 9 in Axes
  5665 | D:5      | Reached skill level 10 in Axes
  6118 | D:5      | Reached XP level 9. HP: 60/80 MP: 11/11
  6210 | D:6      | Reached skill level 11 in Axes
  6585 | D:6      | Found a white marble altar of Elyvilon.
  6590 | D:6      | Reached skill level 5 in Invocations
  6817 | D:7      | Found an ornate altar of the Wu Jian Council.
  7025 | D:7      | Reached skill level 12 in Axes
  7226 | D:7      | Found Ryokej's Magic Scroll Boutique.
  7256 | D:7      | Found Busi's General Store.
  7459 | D:7      | Reached skill level 13 in Axes
  7489 | D:7      | HP: 24/80 [electric eel/bolt of electricity (15)]
  7887 | D:7      | Reached XP level 10. HP: 88/88 MP: 13/13
  7950 | D:7      | Found a glowing silver altar of Zin.
  7952 | D:7      | Found a shadowy altar of Dithmenos.
  7956 | D:7      | Found a burning altar of Makhleb.
  8048 | D:7      | Noticed a six-headed hydra
  8049 | D:7      | Banished a six-headed hydra
  8131 | D:7      | Reached skill level 14 in Axes
  8154 | D:7      | HP: 23/88 [something (9)]
  8788 | D:7      | Noticed a centaur warrior
  8900 | D:7      | Killed a centaur warrior
  9032 | D:7      | HP: 25/88 [troll (10)]
  9035 | D:7      | HP: 12/88 [troll (15)]
  9342 | D:7      | Noticed a two-headed ogre
  9343 | D:7      | Banished a two-headed ogre
  9344 | D:7      | Reached skill level 15 in Axes
  9546 | D:7      | Noticed a manticore
  9547 | D:7      | Banished a manticore
  9602 | D:7      | Noticed a cyclops
  9603 | D:7      | Banished a cyclops
  9604 | D:7      | Reached XP level 11. HP: 93/93 MP: 11/16
  9610 | D:7      | Noticed a purple ugly thing
  9611 | D:7      | Noticed a purple ugly thing
  9627 | D:7      | Banished a cyan ugly thing
  9710 | D:7      | Banished a purple ugly thing
  9711 | D:7      | Reached skill level 16 in Axes
  9835 | D:7      | HP: 30/93 [steam dragon/ball of steam (15)]
 10941 | D:1      | Bought a pair of ancient boots for 275 gold pieces
 10941 | D:1      | Identified the +1 pair of boots of Defence {Str+3} (You
                  | bought it in a shop on level 1 of the Dungeon)
 11113 | D:8      | Reached skill level 1 in Armour
 11113 | D:8      | Reached skill level 1 in Shields
 11134 | D:8      | Found an iron altar of Okawaru.
 11643 | D:8      | Found a staircase to the Lair.
 11799 | D:8      | Noticed a deep elf pyromancer
 11805 | D:8      | Killed a deep elf pyromancer
 11817 | D:8      | Noticed Pikel
 11838 | D:8      | Killed Pikel
 12078 | D:8      | Found the +7 staff of the Meek {protect, meekguard}
 12195 | Lair:1   | Entered Level 1 of the Lair of Beasts
 12331 | Lair:1   | Found a gate leading to a gauntlet.
 12339 | Gauntlet | Entered a Gauntlet
 12339 | Gauntlet | Found a transporter.
 12339 | Gauntlet | Found a transporter.
 12357 | Gauntlet | Found a transporter.
 12360 | Gauntlet | Found a transporter.
 12377 | Gauntlet | Found a transporter.
 12385 | Gauntlet | Found a transporter.
 12389 | Gauntlet | Found a transporter.
 12397 | Gauntlet | Found a transporter.
 12411 | Gauntlet | Noticed a death scarab
 12415 | Gauntlet | Found the amulet of the Air {Inacc Air Fly rElec RMsl}
 12415 | Gauntlet | Noticed a death scarab
 12417 | Gauntlet | Found a transporter.
 12428 | Gauntlet | Found a transporter.
 12432 | Gauntlet | Found a transporter.
 12436 | Gauntlet | Found a runed translucent door.
 12436 | Gauntlet | Found a runed translucent door.
 12440 | Gauntlet | Found a transporter.
 12591 | Gauntlet | HP: 26/97 [flying skull (10)]
 12601 | Gauntlet | HP: 16/97 [flying skull (8)]
 12606 | Gauntlet | HP: 12/97 [flying skull (4)]
 12614 | Gauntlet | Reached skill level 5 in Armour
 12617 | Gauntlet | Reached skill level 5 in Shields
 12940 | Gauntlet | Identified the +10 mace of the Establishment {vorpal, rC-
                  | rN++ rCorr Str+4}
 13092 | Gauntlet | Noticed a minotaur
 13103 | Gauntlet | HP: 37/145 [minotaur/+2 dagger of protection (14)]
 13104 | Gauntlet | HP: 16/145 [minotaur/+2 dagger of protection (21)]
 13106 | Gauntlet | HP: 4/145 [minotaur/+2 dagger of protection (13)]
 13107 | Gauntlet | Demolished by a minotaur

Illustrated notes

Levels and vault maps discovered:
D:1:      scummos_arrival_hexagon, layout_basic, serial_shops, shop,
          nicolae_shop_overgrown_old_shop, shop_statue,
          ebering_ecumenical_altar_box
D:2:      layout_basic
D:3:      layout_basic, uniq_ijyb, uniq_jessica
D:4:      layout_basic, minmay_lizard_king, uniq_crazy_yiuf_cottage
D:5:      layout_basic, temple_pool_b, portal_sewer_entry_a, minmay_fountain_box
D:6:      layout_basic, elyvilon_altar_3
D:7:      nzn_winding_woodlands_large [nzn_winding_woodlands_5x5_checkerboard,
          nzn_winding_woodlands_5x15_jagged,
          nzn_winding_woodlands_5x5_closed_star,
          nzn_winding_woodlands_center_triple_pond,
          nzn_winding_woodlands_15x15_thick_spiral,
          nzn_winding_woodlands_center_pierced_h,
          nzn_winding_woodlands_5x5_default,
          nzn_winding_woodlands_5x15_river_crossing,
          nzn_winding_woodlands_hourglass], layout_basic, lemuel_tele_altar,
          grunt_temple_overflow_open, serial_shops, shop,
          nicolae_shop_waterfront
D:8:      layout_rooms, mainiacjoe_overflow_catwalk, david_lair_generic,
          pf_guarded_unrand_meek, uniq_pikel
Lair:1:   layout_cellular_growth, gauntlet_entry_generic, uniq_sonja
Gauntlet: minmay_gauntlet_77_indecision [minmay_gauntlet_arena_77_double_cross,
          minmay_gauntlet_arena_77_museum,
          minmay_gauntlet_arena_77_hold_the_fort,
          minmay_gauntlet_arena_77_shame_cube,
          minmay_gauntlet_arena_77_two_paths,
          minmay_gauntlet_arena_77_radiant_squares, gauntlet_exit_hidden_loot]

Skill      XL: |  1  2  3  4  5  6  7  8  9 10 11 |
---------------+----------------------------------+-----
Fighting       | 3 4 5 6 7 9 |  9.7
Axes           | 5 8 10 13 15 16 | 16.3
Invocations    | 1 4 6 8 |  8.9
Armour         | 5 |  5.6
Shields        | 5 |  5.6
Short Blades   | |  2.1
Throwing       | |  2.0
Dodging        | |  1.1
Stealth        | |  3.2

Action                   |  1- 3 |  4- 6 |  7- 9 | 10-12 || total
-------------------------+-------+-------+-------+-------++-------
Melee: Dagger            |    53 |    56 |       |       ||   109
       Headbutt          |     6 |    22 |    70 |    82 ||   180
       Punch             |       |     2 |     4 |     3 ||     9
       Hand axe          |       |    81 |   287 |   377 ||   745
       Mace              |       |       |       |    15 ||    15
       Whip              |       |       |       |     7 ||     7
Throw: Dart              |       |     2 |     7 |       ||     9
Invok: Banish            |       |       |       |    11 ||    11
Evoke: Wand              |       |       |       |     9 ||     9
  Use: Scroll            |       |       |    16 |     4 ||    20
       Potion            |       |       |       |     2 ||     2
 Stab: Sleeping          |    10 |     5 |     2 |     1 ||    18
       Invisible         |       |       |     1 |       ||     1
       Distracted        |       |       |       |     2 ||     2
Armor: Robe              |     4 |       |       |       ||     4
       Ring mail         |    12 |    52 |    71 |    28 ||   163
       Plate armour      |       |       |       |    23 ||    23
       Quicksilver drago |       |       |       |   138 ||   138
Dodge: Dodged            |    17 |    51 |   101 |   128 ||   297
       Repelled          |       |       |       |     1 ||     1
Block: Kite shield       |       |       |       |   132 ||   132
